 Dungeon Crawl Stone Soup version 0.16-b1 (webtiles) character file.

374 abixa the Charmwright (level 7, -14/50 HPs)
             Began as a Formicid Skald on Mar 5, 2015.
             Killed by divine providence
             ... invoked by an orc priest
              (16 damage)
             ... on level 4 of the Dungeon.
             The game lasted 00:15:52 (3747 turns).

abixa the Charmwright (Formicid Skald)              Turns: 3747, Time: 00:15:52

Health: -14/50     AC:  7    Str: 17    XL:     7   Next: 3%
Magic:  10/14      EV: 10    Int: 13    God:
Gold:   119        SH:  0    Dex: 10    Spells: 3 memorised, 4 levels left

rFire  . . .     SeeInvis +     a - +0 falchion
rCold  . . .     Clarity  .     p - +0 ring mail
rNeg   . . .     SustAb   .     (no shield)
rPois  .         Gourm    .     (helmet unavailable)
rElec  .         Spirit   .     i - +0 cloak
rCorr  .         Warding  .     s - +0 pair of gloves
rMut   .         Stasis   +     (no boots)
MR     .....                    (no amulet)
Stlth  ..........               (no ring)
                                v - ring of wizardry

@: not resistant to hostile enchantments, extremely unstealthy
A: permanent stasis, dig shafts and tunnels, four strong arms, antennae 3
a: Dig, Shaft Self


You were on level 4 of the Dungeon.
You were very hungry.

You visited 1 branch of the dungeon, and saw 4 of its levels.

You collected 119 gold pieces.

Inventory:

Hand weapons
 a - a +0 falchion (weapon)
 q - a +0 trident
Missiles
 f - 45 bolts
 l - 4 arrows of dispersal
 n - 143 stones (quivered)
 o - 11 poisoned needles
 r - 14 tomahawks
 u - 14 sling bullets
Armour
 i - a +0 cloak (worn)
 p - a +0 ring mail (worn)
 s - a +0 pair of gloves (worn)
Jewellery
 v - a ring of wizardry (left hand)
Scrolls
 e - 2 scrolls of amnesia
 j - 3 scrolls of remove curse
 m - a scroll of immolation
 t - a scroll of teleportation {unknown}
 w - 4 scrolls of enchant armour {unknown}
 x - 2 scrolls of noise {unknown}
 y - a scroll of random uselessness {unknown}
Potions
 b - a potion of restore abilities {unknown}
 h - 4 potions of curing {unknown}
 k - 2 potions of brilliance {unknown}
Books
 c - a book of Battle

   Spells                             Type                      Level
   a - Infusion                       Charms                       1
   b - Shroud of Golubria             Charms/Translocation         2
   c - Song of Slaying                Charms                       2
   d - Spectral Weapon                Hexes/Charms                 3
   e - Regeneration                   Charms/Necromancy            3
Comestibles
 d - 3 bread rations
 g - 4 meat rations
 z - a slice of pizza


   Skills:
 - Level 2.1 Fighting
 - Level 5.1 Long Blades
 - Level 1.1 Armour
 - Level 0.8 Dodging
 - Level 2.1 Spellcasting
 + Level 0.8 Hexes
 - Level 5.4 Charms


You had 4 spell levels left.
You knew the following spells:

 Your Spells              Type           Power        Failure   Level  Hunger
a - Infusion              Chrm           ###...       3%          1    ##.....
b - Song of Slaying       Chrm           ###.....     4%          2    ###....
c - Spectral Weapon       Hex/Chrm       #.......     16%         3    ####...


Dungeon Overview and Level Annotations

Branches:
Dungeon (4/15)
 Temple: D:4-7

Altars:
Cheibriados
Xom

Annotations:
D:3 Terence


Innate Abilities, Weirdness & Mutations

You are under a permanent stasis effect.
You can dig through walls and to a lower floor.
Your four strong arms can wield two-handed weapons with a shield.
You have a pair of large antennae on your head (SInv).


Message History

The orc wizard blinks!
The orc priest utters an invocation to Beogh.
You feel a wave of unholy energy pass over you.
You closely miss the orc priest.
The orc priest is severely wounded.
The orc wizard casts a spell at you. The magic dart hits you!
* * * LOW HITPOINT WARNING * * *
The orc priest barely misses you.
Your ring mail prevents you from hitting the orc priest.
The orc priest is severely wounded.
The orc priest hits you with a flail.
* * * LOW HITPOINT WARNING * * *
You aren't carrying any items that can be evoked.
Use which ability? (? or * to list) Are you sure you want to shaft yourself?
You are feeling very hungry.
The orc priest calls down the wrath of Beogh upon you.
Something smites you!
You die...

#............
#.....%....#
..#........
.#...#....#
..........##
...........#
.......[#.#
####.####o##### #{
#@#...##
#.####.[....#
#....#o.....#
##.....#.....#
####............#
#.....<.........#
....##............#
#......†.......#
....#............#


You could see an orc priest and an orc wizard.

Vanquished Creatures
  The ghost of dysrexia the Chopper, an average HOGl (D:3)
  2 orc priests (D:3)
  2 orc wizards (D:3)
  4 gnolls (D:3)
  2 adders (D:3)
  A giant mite (D:3)
  3 worms
  2 giant geckos
  12 orcs
  4 giant cockroaches
  10 goblins
  8 hobgoblins
  11 bats
  2 giant newts
  4 jackals
  9 kobolds
  A quokka skeleton (D:4)
  9 rats
87 creatures vanquished.

Vanquished Creatures (others)
  An orc wizard (D:4)
1 creature vanquished.

Grand Total: 88 creatures vanquished

Notes
Turn   | Place    | Note
--------------------------------------------------------------
     0 | D:1      | abixa, the Formicid Skald, began the quest for the Orb.
     0 | D:1      | Reached XP level 1. HP: 16/16 MP: 3/3
   156 | D:1      | Reached XP level 2. HP: 22/22 MP: 3/5
   658 | D:2      | Reached XP level 3. HP: 27/27 MP: 7/7
   773 | D:2      | Learned a level 2 spell: Song of Slaying
  1409 | D:3      | Reached XP level 4. HP: 12/33 MP: 4/8
  1619 | D:3      | Noticed dysrexia's ghost (average HOGl)
  1681 | D:2      | Reached skill level 4 in Charms
  1844 | D:3      | Reached XP level 5. HP: 38/38 MP: 4/11
  2264 | D:2      | Learned a level 3 spell: Spectral Weapon
  2307 | D:3      | Noticed Terence
  2692 | D:3      | Found a snail-covered altar of Cheibriados.
  2693 | D:3      | Found a shimmering altar of Xom.
  2930 | D:3      | Reached XP level 6. HP: 41/44 MP: 12/12
  3055 | D:3      | Reached skill level 5 in Charms
  3389 | D:3      | Killed dysrexia's ghost
  3389 | D:3      | Reached skill level 5 in Long Blades
  3389 | D:3      | Reached XP level 7. HP: 12/50 MP: 7/14
  3746 | D:4      | HP: 2/50 [orc priest/flail (4)]
  3747 | D:4      | Killed from afar by an orc priest

Action                   |  1- 3 |  4- 6 |  7- 9 || total
-------------------------+-------+-------+-------++-------
Melee: Falchion          |   116 |   240 |    31 ||   387
 Fire: Hunting sling     |    18 |       |       ||    18
Throw: Stone             |       |    16 |       ||    16
 Cast: Infusion          |     6 |    10 |     1 ||    17
       Song of Slaying   |     1 |     4 |     1 ||     6
       Spectral Weapon   |       |     1 |       ||     1
 Abil: Shaft Self        |       |       |     1 ||     1
  Use: Scroll            |     4 |       |       ||     4
  Eat: Chunk             |     2 |     7 |     1 ||    10
